 Dungeon Crawl Stone Soup version 0.26-b1-32-g5d43845318 (webtiles) character file.

Game seed: 12303764336106976315

269 raph the Magician (level 6, -1/32 HPs)
             Began as a Deep Elf Hedge Wizard on Jan 10, 2021.
             Was an Initiate of Vehumet.
             Killed from afar by an orc wizard (9 damage)
             ... with a puff of flame
             ... on level 4 of the Dungeon.
             The game lasted 00:20:23 (8432 turns).

raph the Magician (Deep Elf Hedge Wizard)           Turns: 8432, Time: 00:20:24

Health: -1/32      AC:  4    Str:  7      XL:     6   Next: 1%
Magic:  12/15      EV: 13    Int: 21      God:    Vehumet [......]
Gold:   71         SH:  5    Dex: 12 (14) Spells: 1/15 levels left

rFire    . . .     SeeInvis .   a - +0 dagger
rCold    . . .     Faith    .   (no shield)
rNeg     . . .     Spirit   .   b - +0 robe
rPois    .         Reflect  +   c - +0 hat
rElec    .         Harm     .   s - +1 cloak
rCorr    .         Rampage  .   (no gloves)
Will     .....                  (no boots)
Stlth    ++........             o - amulet of reflection
HPRegen  0.10/turn              (no ring)
MPRegen  0.14/turn              (no ring)

@: no status effects
A: no striking features
a: Renounce Religion


You were on level 4 of the Dungeon.
You worshipped Vehumet.
Vehumet was noncommittal.
You visited 1 branch of the dungeon, and saw 4 of its levels.

You collected 169 gold pieces.
You spent 98 gold pieces at shops.

Inventory:

Hand Weapons
 a - a +0 dagger (weapon)
Missiles
 h - 12 poisoned darts (quivered)
Armour
 b - a +0 robe (worn)
 c - a +0 hat (worn)
 d - a +0 leather armour
 s - a +1 cloak (worn)
Jewellery
 o - an amulet of reflection (around neck)
Wands
 n - a wand of polymorph (7)
 u - a wand of random effects (7)
Scrolls
 e - 5 scrolls of remove curse
 f - a scroll of teleportation
Potions
 g - 2 potions of mutation
 k - a potion of magic
 l - a potion of flight
 m - a potion of brilliance
 p - a potion of cancellation
 t - a potion of curing


   Skills:
 + Level 3.3 Dodging
 + Level 3.6 Stealth
 + Level 5.1 Spellcasting
 * Level 3.5 Conjurations
 - Level 2.0 Summonings
 - Level 2.0 Translocations
 * Level 0.3 Fire Magic
 - Level 1.3 Air Magic
 - Level 1.7 Poison Magic


You had one spell level left.
You knew the following spells:

 Your Spells              Type           Power        Failure   Level
a - Magic Dart            Conj           80%          2%          1
b - Blink                 Tloc           N/A          7%          2
c - Call Imp              Summ           14%          7%          2
d - Conjure Flame         Conj/Fire      13%          14%         3
e - Mephitic Cloud        Conj/Pois/Air  14%          13%         3
f - Slow                  Hex            5%           16%         2
g - Foxfire               Conj/Fire      52%          4%          1

Your spell library contained the following spells:

 Spells                   Type           Power        Failure   Level
 Inner Flame              Hex/Fire       6%           30%         3
 Sticky Flame             Conj/Fire      13%          43%         4
 Fireball                 Conj/Fire      6%           80%         5


Dungeon Overview and Level Annotations

Branches:
Dungeon (4/15)
 Temple: D:4-7

Altars:
Makhleb
Nemelex Xobeh
Vehumet

Shops:
D:4 *[([?


Message History

The orc wizard flickers and vanishes!
Deactivating autopickup; reactivate with Ctrl-A.
Unknown command.
You're too confused to move!
You feel less confused. Something hits you but does no damage.
You hear some strange, mumbled words.
A puff of flame appears from out of thin air!
The puff of flame hits you!
There is a fountain of sparkling water here.
You barely miss something.
You hear some strange, mumbled words.
A puff of flame appears from out of thin air!
The puff of flame hits you!
A magic dart appears from out of thin air!
The magic dart hits you.
* * * LOW HITPOINT WARNING * * *
A puff of flame appears from out of thin air!
The puff of flame hits you!
You die...

#'#........####..............# #.
....#####.o............##'######.
....# #..............#..#..>...
....# #..............#..#......
....# #..............#..'......
....# #.....{........#..#......
....# #...⌠.⌠........#####..##.
#########...._..#####......#..###
....#...#...⌠.⌠.@#..#......#..#..
....'...'........#..+......#..'..
+##.#####....##'###.#......#+####
.##.###...........#.######.......
......#...........#...#..#.......
......'...........'...#..#.......
###..##...........#####..#....)..
.##'##....####......###..#....###
.....#....# #......#<...#....#..


You could see an orc priest (wandering).

Vanquished Creatures
  A crimson imp (D:4)
  A bullfrog skeleton (D:4)
  Terence (D:1)
  Natasha (D:2)
  3 gnolls
  3 adders
  2 oozes (D:4)
  2 dart slugs
  A leopard gecko (D:4)
  4 orcs
  A ball python (D:2)
  8 bats
  2 giant cockroaches (D:3)
  3 goblins
  5 hobgoblins
  8 jackals
  5 kobolds
  2 quokkas
  3 frilled lizards
  A quokka skeleton (D:3)
  3 rats
60 creatures vanquished.

Vanquished Creatures (collateral kills)
  A quasit (D:3)
  Natasha (D:2)
  A worm (D:4)
  An orc (D:4)
  A jackal (D:2)
  2 kobolds
  A frilled lizard (D:2)
8 creatures vanquished.

Vanquished Creatures (others)
  6 foxfires (D:4)
6 creatures vanquished.

Grand Total: 74 creatures vanquished

Notes
Turn   | Place    | Note
-------+----------+-------------------------------------------
     0 | D:1      | raph the Deep Elf Hedge Wizard began the quest for the Orb.
     0 | D:1      | Reached XP level 1. HP: 10/10 MP: 7/7
   713 | D:1      | Reached XP level 2. HP: 15/15 MP: 6/9
   741 | D:1      | Learned a level 2 spell: Blink
   744 | D:1      | Learned a level 2 spell: Call Imp
  1438 | D:2      | Noticed Terence
  1473 | D:1      | Killed Terence
  1474 | D:1      | Reached XP level 3. HP: 16/19 MP: 3/11
  1567 | D:2      | Learned a level 3 spell: Conjure Flame
  1571 | D:2      | Learned a level 3 spell: Mephitic Cloud
  2441 | D:2      | Reached XP level 4. HP: 24/24 MP: 7/12
  2815 | D:2      | Noticed Natasha
  2823 | D:2      | Killed Natasha
  3143 | D:2      | Reached skill level 5 in Spellcasting
  3846 | D:2      | You fall into a shaft and drop 1 floor!
  4086 | D:3      | Reached XP level 5. HP: 28/28 MP: 10/14
  5041 | D:2      | Noticed Natasha
  5055 | D:2      | Killed Natasha
  5262 | D:3      | Reached skill level 1 in Air Magic
  5262 | D:3      | Reached skill level 1 in Poison Magic
  5827 | D:4      | Found a sparkling altar of Nemelex Xobeh.
  6016 | D:4      | Found Fet Bec's Magic Scroll Emporium.
  6354 | D:4      | Learned a level 2 spell: Slow
  7358 | D:4      | Bought a scroll of identify for 28 gold pieces
  7362 | D:4      | Bought a scroll of identify for 28 gold pieces
  7362 | D:4      | Bought a scroll of remove curse for 42 gold pieces
  7539 | D:4      | Found Daickob's Antique Weapon Shop.
  7565 | D:4      | Found Cefeufap's Antique Armour Shoppe.
  7781 | D:4      | Learned a level 1 spell: Foxfire
  7828 | D:4      | Found a radiant altar of Vehumet.
  7831 | D:4      | Found a burning altar of Makhleb.
  7856 | D:4      | Reached XP level 6. HP: 24/32 MP: 2/15
  8051 | D:4      | Became a worshipper of Vehumet
  8091 | D:4      | Found Waciaq's Armour Shoppe.
  8152 | D:4      | Found Fuaf's Assorted Antiques.
  8432 | D:4      | Killed from afar by an orc wizard

Illustrated notes

Levels and vault maps discovered:
D:1:      lemuel_arrival_rhombus, layout_basic
D:2:      layout_basic, minmay_diced_spiral, uniq_terence, uniq_natasha
D:3:      cheibrodos_old_hovel, layout_basic, kennysheep_generic_room_13
D:4:      layout_gridville, grunt_temple_overflow_lords_of_destruction,
          nemelex_xobeh_ov_fountains_minmay, serial_shops, nicolae_shop_stone,
          shop_scrolls, shop, kennysheep_mini_moat, shop

Skill      XL: |  1  2  3  4  5 |
---------------+----------------+-----
Conjurations   | 2 3 |  3.5
Stealth        | 3 |  3.6
Dodging        | 3 |  3.3
Summonings     | 2 |  2.0
Translocations | 2 |  2.0
Spellcasting   | 5 |  5.1
Air Magic      | 1 |  1.3
Poison Magic   | 1 |  1.7
Fire Magic     | |  0.3

Action                   |  1- 3 |  4- 6 || total
-------------------------+-------+-------++-------
Melee: Dagger            |    32 |    40 ||    72
Throw: Dart              |     9 |     4 ||    13
 Cast: Magic Dart        |    59 |   114 ||   173
       Call Imp          |     3 |    16 ||    19
       Blink             |     2 |       ||     2
       Conjure Flame     |     1 |     1 ||     2
       Foxfire           |       |     3 ||     3
  Use: Scroll            |       |     9 ||     9
 Stab: Sleeping          |     1 |     5 ||     6
Armor: Robe              |     7 |    16 ||    23
Dodge: Dodged            |    45 |    48 ||    93
Block: Other             |       |     9 ||     9
